cohdb
Replays
Latest Replays
All Replays
Popular Replays
Top Player Replays
Match Explorer
How It Works
Community
CoH3 Stats
Reddit
Sign in to upload your games and track your stats! →
Sign in with Steam
Match 41204805
Unlisted
Match 41204805
Overview
Messages
Build Orders
End
Royal Engineer Section
Construct Section Command Post
Selects Canadian Shock Battlegroup
Infantry Section
Infantry Section
Selects Attacking Spirit
Selects Canadian Shock Section
Construct Platoon Command Post
Grenade Package
Canadian Shock Section
Infantry Section
Selects Incendiary Munitions
Unlock M3 Stuart Light Tanks
M3 Stuart Light Tank
Construct Field Infirmary
Selects Pyrotechnics
Infantry Training
M3 Stuart Light Tank
Vickers Machine Gun Team
Construct Company Command Post
Selects Churchill Crocodile Heavy Tank
Foot Guards Section
MADAO
NectahVectah
0
0
Comments
sign in to comment!
No comments posted yet!